 Dungeon Crawl Stone Soup version 0.31-a0-344-gd109795599 (webtiles) character file.

Game seed: 1095076400674689755

131 Flugkiller the Insei (level 5, -4/46 HPs)
             Began as an Octopode Shapeshifter on July 21, 2023.
             Was a Believer of Hepliaklqana.
             Succumbed to a kobold brigand's curare-tipped dart
             ... in a sewer.
             The game lasted 00:02:01 (1899 turns).

Flugkiller the Insei (Octopode Shapeshifter)        Turns: 1899, Time: 00:02:02

Health: -4/46      AC: 22    Str: 14    XL:     5   Next: 14%
Magic:  5/5        EV:  2    Int: 17    God:    Hepliaklqana [**....]
Gold:   97         SH:  0    Dex: 14    Spells: 4/4 levels left

rFire   . .          .
                       - Unarmed
rCold   . . .        (no shield)
rNeg    + . .        (helmet currently unavailable)
rPois   +            q - amulet of faith
rElec   .            k - ring of positive energy
rCorr   .            i - +6 ring of intelligence
SInv    .            (no ring)
Will    .....        (no ring)
Stlth   +            (no ring)
HPRegen 0.27/turn    (no ring)
MPRegen 0.09/turn    (no ring)
                     (no ring)

%: faith
@: lethally poisoned (-4 -> -22), tree-form, hasted and slowed
A: stationary, stasis, torment immunity, boosted hp, reduced essence, almost no
armour, (amphibious), 8 rings, (camouflage 1), (gelatinous body 1), (nimble
swimmer 1), (tentacles)
a: Renounce Religion, Recall Ancestor, Ancestor Identity


You were in a sewer.
You worshipped Hepliaklqana.
Hepliaklqana was pleased with you.
You were a tree.
You visited 1 branch of the dungeon, and saw 3 of its levels.
You also visited: Sewer.

You collected 97 gold pieces.

Inventory:

Jewellery
 i - a +6 ring of intelligence (right branch)
   (You found it on level 1 of the Dungeon)
 k - a ring of positive energy (left branch)
   (You found it on level 1 of the Dungeon)
 n - an amulet of the acrobat
   (You found it on level 2 of the Dungeon)
 q - an amulet of faith (around neck)
   (You found it on level 3 of the Dungeon)
Talismans
 b - a beast talisman
Scrolls
 c - 4 scrolls of identify {unknown}
 d - 2 scrolls of enchant weapon {unknown}
 e - a scroll of torment {unknown}
 f - 3 scrolls of revelation {unknown}
 j - a scroll of butterflies {unknown}
 m - a scroll of amnesia {unknown}
 p - a scroll of poison {unknown}
 s - a scroll of noise {unknown}
Potions
 g - 2 potions of curing {unknown}
 h - 2 potions of haste
 l - a potion of ambrosia {unknown}
 o - a potion of cancellation {unknown}
 r - a potion of magic {unknown}


   Skills:
 + Level 2.4 Fighting
 + Level 3.0 Dodging
 + Level 3.7 Unarmed Combat
 + Level 3.6 Shapeshifting


You had 4 spell levels left.
You didn't know any spells.
Your spell library was empty.

Dungeon Overview and Level Annotations

Branches:
Dungeon (3/15) Zot: 16123   Sewer (1/1) Zot: 5982

Altars:
Hepliaklqana
The Shining One

Shops:
D:1 :


Innate Abilities, Weirdness & Mutations

You are a tree.
Your roots penetrate the ground, keeping you stationary.
You cannot be teleported.
You are immune to unholy pain and torment.
Your maximum health is greatly increased.
Your life essence is reduced to manifest your ancestor. (-10% HP)
You cannot wear most types of armour.
((You are amphibious.))
You can wear up to eight rings at the same time.
((Your skin changes colour to match your surroundings (Stealth+).))
((Your rubbery body absorbs attacks. (AC +1, EV +1)))
((You are camouflaged when in or above water. (Stealth+)))
((You have tentacles for arms and can constrict up to eight enemies at once.))


Message History

The adder is severely wounded.
You constrict the adder.
Lici barely misses the adder.
The adder barely misses you.
You tentacle-slap the adder.
You kill the adder!
Lici barely misses the adder.
The adder closely misses you.
You miss the adder. You grab the adder. You squeeze the adder.
The adder is lightly wounded.
You constrict the adder.
Lici hits the adder with a +0 quarterstaff!!
The adder dies!
You tentacle-slap the giant cockroach. You grab the giant cockroach.
The giant cockroach is severely wounded.
You constrict the giant cockroach.
The giant cockroach bites Lici.
Lici hits the giant cockroach with a +0 quarterstaff!!
The giant cockroach dies!
Lici gestures at the adder while chanting.
The puff of frost hits the adder.
The adder bites Lici.
You closely miss the adder. Your grab misses the adder.
The adder is heavily wounded.
The adder bites you.
Lici points at the adder and mumbles some strange words.
The puff of frost hits the adder!
The adder dies!
Your Dodging skill increases to level 3!
You have reached level 5!
You feel clever.
Lici closely misses the giant cockroach.
You completely miss the giant cockroach.
You grab the giant cockroach. You constrict the giant cockroach.
The giant cockroach bites you.
Lici hits the giant cockroach with a +0 quarterstaff!!
The giant cockroach dies!
No target in view!
You hear the brisk rusting of a drain.
There is an open door, spattered with blood here.
Things that are here:
an adder corpse; an adder corpse; an adder corpse You enter the shallow water.
Found a glowing sapphire ring.
There is a glowing drain here.
The world spins around you as you enter the gateway.
You enter a sewer!
Found a gate leading back out of this place.
There is an empty arch of ancient stone here.
An adder comes into view.
The adder hisses angrily.
An adder is nearby!
A ball python comes into view.
The adder barely misses you.
You tentacle-slap the adder. You grab the adder.
The adder is moderately wounded.
You constrict the adder. The adder closely misses you.
Lici hits the plant with a +0 quarterstaff!
The plant begins to die.
The adder barely misses you.
You tentacle-slap the adder.
You kill the adder!
You enter the shallow water.
No target in view!
You swap places.
A nearby plant withers and dies.
A ball python is nearby!
A ball python is nearby!
A ball python is nearby!
You enter the shallow water.
A kobold brigand comes into view.
It is wielding a +0 club and quivering curare-tipped darts.
The kobold brigand shouts!
The ball python hisses angrily.
Found a green potion.
You closely miss the ball python. Your grab misses the ball python.
Your squeeze misses the ball python.
The kobold brigand throws a curare-tipped dart.
The curare-tipped dart misses you.
The curare-tipped dart hits Lici.
The ball python misses you. The ball python grabs you.
The ball python constricts you.
You tentacle-slap the ball python. You grab the ball python.
You squeeze the ball python.
You kill the ball python!
The kobold brigand throws a curare-tipped dart.
The curare-tipped dart hits you.
You are poisoned.
You have difficulty breathing.
You feel yourself slow down.
You feel very sick.
The kobold brigand throws a curare-tipped dart.
The curare-tipped dart hits you.
You are lethally poisoned!
You have difficulty breathing.
* * * LOW HITPOINT WARNING * * *
You feel as though you will be slow longer.
You are too injured to fight recklessly!
Really quaff the potion of lignification? [Y]es or [N]o only, please.
Really quaff the potion of lignification?
Your transformation has ended.
You turn into a tree.
Your roots penetrate the ground.
* * * LOW HITPOINT WARNING * * *
You feel extremely sick.
Lici closely misses the kobold brigand.
Lici points at the kobold brigand and mumbles some strange words.
The stone arrow hits the kobold brigand!
It was a potion of haste.
You feel yourself speed up.
h - 2 potions of haste;
m - a scroll labelled JITEHI LAMEO You die...

##### #########
.#....# #.~.....####
~.P...~##.~P....≈≈≈#
#PP..~~.~..P...≈≈≈###
#P.~~~~...#~#...≈≈≈≈#
#..~~~~~~~#~#.∩.≈≈≈≈#
#####♣..##~#.∩.≈≈≈≈≈#
#!~~~KR†###~#....≈≈≈##
######~.# #~#..######
..## #~#.P~ ..~#
#~##P# ..~.# #~##.P
...~## ##P #.~.#


You could see the friendly Lici the battlemage and a kobold brigand (ally
target).

Vanquished Creatures
  5 adders
  A dart slug (D:1)
  An orc (D:2)
  2 endoplasms
  A giant cockroach (D:1)
  4 goblins
  2 hobgoblins
  7 kobolds
  3 ball pythons
  4 bats
  4 frilled lizards
  7 rats
41 creatures vanquished.

Vanquished Creatures (collateral kills)
  Terence (D:3)
  2 adders (D:3)
  2 giant cockroaches (D:3)
5 creatures vanquished.

Grand Total: 46 creatures vanquished

Notes
Turn   | Place    | Note
-------+----------+-------------------------------------------
     0 | D:1      | Flugkiller the Octopode Shapeshifter began the quest for
                  | the Orb.
     0 | D:1      | Reached XP level 1. HP: 13/13 MP: 1/1
   211 | D:1      | Noticed a walking divine tome
   213 | D:1      | Found Sutrok's Book Emporium.
   215 | D:1      | Noticed a walking frostbound tome
   262 | D:1      | Reached XP level 2. HP: 14/18 MP: 2/2
   909 | D:2      | Found a glowing golden altar of the Shining One.
   923 | D:2      | Reached XP level 3. HP: 3/24 MP: 3/3
  1369 | D:2      | Identified the +1 robe of the Harvest Moon {+Blink rC+
                  | Dex+3}
  1427 | D:2      | Reached XP level 4. HP: 29/29 MP: 4/4
  1581 | D:3      | Found a faded altar of an unknown god.
  1617 | D:3      | Prayed at the altar of an unknown god.
  1617 | D:3      | Became a worshipper of Hepliaklqana the Forgotten
  1617 | D:3      | Reached * piety under Hepliaklqana
  1834 | D:3      | Reached ** piety under Hepliaklqana
  1835 | D:3      | Remembered your ancestor Lici as a battlemage
  1843 | D:3      | Noticed Terence
  1851 | D:3      | Killed Terence
  1861 | D:3      | Found a glowing drain.
  1875 | D:3      | Reached XP level 5. HP: 27/31 MP: 5/5
  1882 | Sewer    | Entered a sewer
  1893 | Sewer    | Noticed a kobold brigand
  1898 | Sewer    | HP: 1/46 [poisoned by a kobold brigand (curare-tipped
                  | dart)]
  1899 | Sewer    | Succumbed to a kobold brigand's curare-tipped dart

Illustrated notes

Levels and vault maps discovered:
D:1:      dpeg_arrival_water_fire, layout_loops_ring, serial_shops,
          nicolae_shop_mannequins, serial_bayou_pond_c
D:2:      layout_loops_cross, basic_altar, kennysheep_generic_room_15
D:3:      layout_basic, gup_sewer_entry_glass,
          shapermc_ecumenical_altar_starsandcircs, uniq_jessica, uniq_ijyb,
          uniq_terence
Sewer:    sewer_co_scattered_pipes

Skill      XL: |  1  2  3  4 |
---------------+-------------+-----
Fighting       | 2 |  2.4
Dodging        | 3 |  3.0
Unarmed Combat | |  3.7
Shapeshifting  | |  3.6

Action                     |  1- 3 |  4- 6 || total
---------------------------+-------+-------++-------
  Melee: Unarmed           |    54 |    22 ||    76
         Constrict         |    21 |     8 ||    29
         Tentacles         |     9 |     4 ||    13
         Punch             |     4 |     2 ||     6
 Invoke: Ancestor Life: Ba |       |     1 ||     1
         Ancestor Identity |       |     1 ||     1
    Use: Potion            |       |     2 ||     2
   Stab: Sleeping          |     6 |     3 ||     9
 Armour: Skin              |     3 |     2 ||     5
  Dodge: Dodged            |    23 |    16 ||    39

Table legend: (Time is in decaauts)
 A = Elapsed time spent in this place.
 B = Non-inter-level travel time spent in this place.
 C = Inter-level travel time spent in this place.
 D = Time resting spent in this place.
 E = Time spent auto-exploring this place.
 F = Levels seen in this place.
 G = Mean time per level.
                   A        B        C        D        E       F      G
               +--------+--------+--------+--------+--------+-----+--------+
         Total |   1894 |   1805 |     89 |    194 |   1256 |   4 |  473.5 |
       Dungeon |   1876 |   1787 |     89 |    194 |   1254 |   3 |  625.3 |
         Sewer |     17 |     17 |      0 |      0 |      2 |   1 |   17.0 |
               +--------+--------+--------+--------+--------+-----+--------+

Top non-repeatable levels by time:
     D:1: 812 daAuts
     D:2: 755 daAuts
     D:3: 309 daAuts
   Sewer: 17 daAuts
